 Dungeon Crawl Stone Soup version 0.31.0-11-ge490571c62 (webtiles) character file.

Game seed: 1826334646978079503

3278 qw the Nimble (level 9, -12/45 HPs)
             Began as a Spriggan Hunter on Feb 3, 2024.
             Was a Believer of Okawaru.
             Engulfed by a cloud of flame (20 damage)
             ... on level 7 of the Dungeon.
             The game lasted 00:00:33 (5994 turns).

qw the Nimble (Spriggan Hunter)                     Turns: 5994, Time: 00:00:34

Health: -12/45     AC:  2    Str:  7    XL:     9   Next: 69%
Magic:  13/13      EV: 42    Int: 10    God:    Okawaru [**....]
Gold:   397        SH:  0    Dex: 23    Spells: 8/8 levels left

rFire   . . .        a - +2 shortbow (freeze)
rCold   . . .        (shield currently unavailable)
rNeg    . . .        c - +0 robe
rPois   .            (helmet restricted)
rElec   .            (no cloak)
rCorr   .            (gloves unavailable)
SInv    +            (boots unavailable)
Will    +....        e - amulet of the acrobat
Stlth   ++           (no ring)
HPRegen 0.27/turn    (no ring)
MPRegen 0.13/turn

%: acrobat
@: acrobatic, very quick
A: very small, no large weapons, unfitting armour, see invisible, speed 3
a: Renounce Religion, Heroism


You were on level 7 of the Dungeon.
You worshipped Okawaru.
Okawaru was pleased with you.
You visited 2 branches of the dungeon, and saw 8 of its levels.

You collected 397 gold pieces.


Innate Abilities, Weirdness & Mutations

You are very small and have problems with some larger weapons.
You are too small for most types of armour.
You have supernaturally acute eyesight. (SInv)
You cover ground extremely quickly. (Speed+++)


   Skills:
 - Level 4.1 Fighting
 - Level 10.1 Ranged Weapons
 + Level 10.8 Dodging
 - Level 1.5 Stealth
 - Level 4.1 Invocations


You had 8 spell levels left.
You didn't know any spells.
Your spell library was empty.

Inventory:

Hand Weapons
 a - a +2 shortbow of freezing (weapon)
Armour
 c - a +0 robe (worn)
Jewellery
 b - an amulet of guardian spirit
 e - an amulet of the acrobat (around neck)
 l - the ring "Idghuix" {Ice +Blink}
   (You found it on level 3 of the Dungeon)

   [ring of ice]

   Ice:       It enhances your ice magic.
   rF-:       It makes you vulnerable to fire.
   rC+:       It protects you from cold.
   +Blink:    It lets you blink.
Wands
 f - a wand of quicksilver (3)
 h - a wand of mindburst (15)
Scrolls
 g - 2 scrolls of teleportation
Potions
 d - a potion of cancellation
 i - 2 potions of curing
 m - 2 potions of haste

Dungeon Overview and Level Annotations

Branches:
Dungeon (7/15)             Temple (1/1) D:5

Altars:
Ashenzari
Cheibriados
Dithmenos
Elyvilon
Fedhas
Gozag
Hepliaklqana
Makhleb
Nemelex Xobeh
Okawaru
Qazlal
Ru
Sif Muna
Trog
Uskayaw
Vehumet
Wu Jian
Xom
Yredelemnul
Zin
The Shining One

Shops:
D:4 (


Message History

You kill the scorpion!
Okawaru accepts your kill. The white imp gestures at you.
The puff of frost hits you.
You shoot an arrow. The arrow hits the white imp.
You kill the white imp!
Okawaru accepts your kill.
You shoot an arrow. The arrow barely misses the ice beast.
You shoot an arrow. The arrow closely misses the ice beast.
You shoot an arrow. The arrow closely misses the ice beast.
The ice beast completely misses you.
An orc comes into view. It is wielding a +0 flail.
You shoot an arrow. The arrow hits the ice beast.
The ice beast is moderately wounded.
The ice beast hits you. The ice beast freezes you!
5961 ||| READING 3 scrolls of teleportation.
As you read the scroll of teleportation, it crumbles to dust.
You feel strangely unstable. The ice beast completely misses you.
An orc comes into view. It is wielding a +0 short sword.
5962 ||| DRINKING 2 potions of heal wounds.
You feel much better. The ice beast completely misses you.
You shoot an arrow. The arrow hits the ice beast.
The ice beast is moderately wounded.
The ice beast barely misses you.
You shoot an arrow. The arrow hits the ice beast.
The ice beast is heavily wounded.
Your surroundings suddenly seem different.
Found a scroll of noise, 13 gold pieces and a cloak.
You start resting.
You're standing in a cloud of flame!
You're standing in a cloud of flame!
You are engulfed in blazing flames.
5993 ||| DRINKING potion of heal wounds.
You feel much better.
You are engulfed in blazing flames.
You're standing in a cloud of flame!
You are engulfed in blazing flames.
You die...

### # .... ยค#
#...####0####.
#......00.?...
#@0.0..#
##..0....
.......
....$..
.....[.
.......
#######


There were no monsters in sight!

Vanquished Creatures
  A yak (D:6)
  A wraith (D:6)
  A water moccasin (D:5)
  Duvessa (D:6)
  3 ice beasts
  An orc warrior (D:7)
  2 sky beasts
  3 black bears
  5 ogres
  A kobold brigand (D:6)
  4 phantoms
  2 scorpions
  Dowan (D:6)
  3 howler monkeys (D:7)
  3 bombardier beetles
  3 orc priests
  A gnoll bouda (D:5)
  6 hounds
  3 jellies
  2 sleepcaps
  3 iguanas
  An orc wizard (D:3)
  5 gnolls (D:5)
  9 adders
  2 shadow imps
  2 white imps
  2 dart slugs
  3 ribbon worms
  22 orcs
  7 endoplasms
  2 giant cockroaches
  15 goblins
  12 hobgoblins
  6 quokkas
  4 ball pythons
  3 bats
  4 frilled lizards
  16 kobolds
  4 rats
169 creatures vanquished.

Vanquished Creatures (others)
  A hound (D:7)
1 creature vanquished.

Grand Total: 170 creatures vanquished

Notes
Turn   | Place    | Note
-------+----------+-------------------------------------------
     0 | D:1      | qw the Spriggan Hunter began the quest for the Orb.
     0 | D:1      | Reached XP level 1. HP: 10/10 MP: 2/2
     0 | D:1      | 0 ||| qw: Version: 0.3-a-158-g18b3111
     0 | D:1      | 0 ||| qw: Game counter: 4220
     0 | D:1      | 0 ||| qw: Melee chars always use a shield: true
     0 | D:1      | 0 ||| qw: God list: Okawaru
     0 | D:1      | 0 ||| qw: Allow faded altars: false
     0 | D:1      | 0 ||| qw: Do Orc after clearing Dungeon:15 true
     0 | D:1      | 0 ||| qw: Do second Lair branch before Depths: true
     0 | D:1      | 0 ||| qw: Lair rune preference: random
     0 | D:1      | 0 ||| qw: Goals: Normal
     0 | D:1      | 0 ||| PLANNING D:1-11
    51 | D:1      | Reached skill level 3 in Dodging
   114 | D:1      | Reached XP level 2. HP: 14/14 MP: 3/3
   245 | D:1      | You fall into a shaft and drop 1 floor!
   254 | D:2      | 254 ||| READING scroll labelled WOFFID EKUPT.
   254 | D:2      | 254 ||| BRANDING +0 shortbow.
   255 | D:2      | 255 ||| DROPPING scroll of butterflies.
   504 | D:1      | 504 ||| UPGRADING to amulet of guardian spirit.
   509 | D:1      | 509 ||| READING scroll labelled TANUSA LEOV.
   532 | D:2      | Reached XP level 3. HP: 18/18 MP: 4/4
   914 | D:2      | 914 ||| READING scroll of brand weapon.
   914 | D:2      | 914 ||| BRANDING +0 shortbow of flaming.
  1236 | D:2      | Reached XP level 4. HP: 22/22 MP: 5/5
  1258 | D:2      | 1258 ||| READING scroll labelled QOIXAH HEDEPN.
  1259 | D:2      | 1259 ||| READING scroll labelled NOATENNAHAXT.
  1260 | D:2      | 1260 ||| READING scroll labelled SAGEDO HISOIPTI.
  1260 | D:2      | 1260 ||| ENCHANTING +0 shortbow of freezing.
  1261 | D:2      | 1261 ||| READING scroll labelled QUADWE QUFOTEE.
  1350 | D:3      | Noticed an ogre
  1355 | D:3      | Killed an ogre
  1356 | D:3      | Reached XP level 5. HP: 25/25 MP: 6/6
  1424 | D:3      | Found a faded altar of an unknown god.
  1441 | D:3      | Identified the ring "Idghuix" {Ice +Blink}
  1859 | D:3      | 1859 ||| DROPPING scarf of shadows.
  1860 | D:3      | 1860 ||| READING scroll of identify.
  1860 | D:3      | 1860 ||| IDENTIFYING green potion
  1861 | D:3      | 1861 ||| DRINKING 2 purple potions.
  1862 | D:3      | 1862 ||| DROPPING potion of lignification.
  2036 | D:4      | Found a hazy altar of Hepliaklqana.
  2041 | D:4      | Found an ornate altar of the Wu Jian Council.
  2096 | D:4      | Reached XP level 6. HP: 30/30 MP: 7/7
  2144 | D:4      | Reached skill level 6 in Ranged Weapons
  2144 | D:4      | 2144 ||| FLEEEEING.
  2145 | D:4      | 2145 ||| FLEEEEING.
  2146 | D:4      | 2146 ||| FLEEEEING.
  2147 | D:4      | 2147 ||| FLEEEEING.
  2148 | D:4      | 2148 ||| FLEEEEING.
  2149 | D:4      | 2149 ||| FLEEEEING.
  2150 | D:4      | 2150 ||| FLEEEEING.
  2152 | D:4      | 2152 ||| FLEEEEING.
  2153 | D:4      | 2153 ||| FLEEEEING.
  2155 | D:4      | 2155 ||| FLEEEEING.
  2156 | D:4      | 2156 ||| FLEEEEING.
  2159 | D:4      | 2159 ||| FLEEEEING.
  2161 | D:4      | 2161 ||| FLEEEEING.
  2162 | D:4      | 2162 ||| FLEEEEING.
  2163 | D:4      | 2163 ||| FLEEEEING.
  2164 | D:4      | 2164 ||| FLEEEEING.
  2165 | D:4      | 2165 ||| FLEEEEING.
  2166 | D:4      | 2166 ||| FLEEEEING.
  2167 | D:4      | 2167 ||| FLEEEEING.
  2168 | D:4      | 2168 ||| FLEEEEING.
  2170 | D:4      | 2170 ||| FLEEEEING.
  2171 | D:4      | 2171 ||| FLEEEEING.
  2172 | D:4      | 2172 ||| FLEEEEING.
  2174 | D:4      | 2174 ||| FLEEEEING.
  2175 | D:4      | 2175 ||| FLEEEEING.
  2177 | D:4      | 2177 ||| FLEEEEING.
  2180 | D:4      | 2180 ||| FLEEEEING.
  2188 | D:4      | Reached skill level 6 in Dodging
  2397 | D:4      | Found Ruegi's Weapon Boutique.
  2598 | D:4      | 2598 ||| RETREEEEATING.
  2599 | D:4      | 2599 ||| RETREEEEATING.
  2600 | D:4      | 2600 ||| RETREEEEATING.
  2601 | D:4      | 2601 ||| RETREEEEATING.
  3107 | D:4      | 3107 ||| READING scroll labelled ASSU PEOPN.
  3108 | D:4      | 3108 ||| DRINKING 2 smoky amethyst potions.
  3133 | D:5      | Entered Level 5 of the Dungeon
  3133 | D:5      | Noticed an ice beast
  3134 | D:5      | 3134 ||| STAIRDANCE
  3144 | D:4      | Killed an ice beast
  3145 | D:4      | Reached XP level 7. HP: 35/35 MP: 8/8
  3195 | D:5      | 3195 ||| STAIRDANCE
  3325 | D:5      | Found a bloodstained altar of Trog.
  3333 | D:5      | 3333 ||| RETREEEEATING.
  3334 | D:5      | 3334 ||| RETREEEEATING.
  3337 | D:5      | 3337 ||| FLEEEEING.
  3339 | D:5      | 3339 ||| RETREEEEATING.
  3346 | D:5      | 3346 ||| RETREEEEATING.
  3347 | D:5      | 3347 ||| RETREEEEATING.
  3348 | D:5      | 3348 ||| RETREEEEATING.
  3349 | D:5      | 3349 ||| FLEEEEING.
  3350 | D:5      | 3350 ||| FLEEEEING.
  3351 | D:5      | 3351 ||| FLEEEEING.
  3352 | D:5      | 3352 ||| FLEEEEING.
  3355 | D:5      | 3355 ||| FLEEEEING.
  3356 | D:5      | 3356 ||| FLEEEEING.
  3357 | D:5      | 3357 ||| FLEEEEING.
  3367 | D:5      | 3367 ||| RETREEEEATING.
  3368 | D:5      | 3368 ||| RETREEEEATING.
  3369 | D:5      | 3369 ||| RETREEEEATING.
  3372 | D:5      | 3372 ||| RETREEEEATING.
  3373 | D:5      | 3373 ||| RETREEEEATING.
  3374 | D:5      | 3374 ||| RETREEEEATING.
  3377 | D:5      | 3377 ||| RETREEEEATING.
  3378 | D:5      | 3378 ||| RETREEEEATING.
  3379 | D:5      | 3379 ||| RETREEEEATING.
  3390 | D:5      | Reached XP level 8. HP: 13/39 MP: 5/9
  3666 | D:5      | Reached skill level 3 in Fighting
  3708 | D:5      | Found a staircase to the Ecumenical Temple.
  3709 | D:5      | 3709 ||| PLANNING TEMPLE
  3709 | D:5      | 3709 ||| READING scroll of identify.
  3709 | D:5      | 3709 ||| IDENTIFYING sapphire potion
  3710 | D:5      | 3710 ||| READING scroll labelled MATAIR FYMIFEI.
  3711 | D:5      | 3711 ||| READING scroll labelled EKECYNEOC.
  3812 | D:5      | 3812 ||| READING scroll labelled DERGHEU DIOT.
  3813 | D:5      | 3813 ||| READING scroll labelled LUPNEI UFIZE.
  3814 | D:5      | 3814 ||| READING scroll labelled OMOPPOXT POKOSESU.
  3815 | D:5      | 3815 ||| DRINKING 2 inky potions.
  3816 | D:5      | 3816 ||| DRINKING 2 pink potions.
  3817 | D:5      | 3817 ||| DRINKING 2 bubbling brown potions.
  3818 | D:5      | 3818 ||| DROPPING potion of degeneration.
  3819 | D:5      | 3819 ||| DROPPING potion of ambrosia.
  3821 | D:5      | 3821 ||| Stepping ~*~*~tactically~*~*~ (cloud).
  3960 | Temple   | Entered the Ecumenical Temple
  3961 | Temple   | 3961 ||| PLANNING OKAWARU WORSHIP
  3966 | Temple   | Became a worshipper of Warmaster Okawaru
  3967 | Temple   | 3967 ||| PLANNING D:1-11
  3967 | Temple   | 3967 ||| REMOVING amulet of guardian spirit.
  3972 | Temple   | 3972 ||| UPGRADING to amulet of the acrobat.
  4281 | D:5      | 4281 ||| READING scroll of enchant weapon.
  4281 | D:5      | 4281 ||| ENCHANTING +1 shortbow of freezing.
  4447 | D:5      | Reached skill level 9 in Ranged Weapons
  4600 | D:5      | Found a glowing silver altar of Zin.
  4779 | D:5      | 4779 ||| READING scroll of identify.
  4779 | D:5      | 4779 ||| IDENTIFYING fizzy green potion
  4780 | D:5      | 4780 ||| DRINKING 2 lumpy brown potions.
  4781 | D:5      | 4781 ||| DROPPING potion of attraction.
  4782 | D:5      | 4782 ||| DROPPING potion of invisibility.
  4872 | D:6      | Reached skill level 9 in Dodging
  4873 | D:6      | Reached * piety under Okawaru
  4945 | D:6      | Reached skill level 1 in Invocations
  5119 | D:6      | Reached XP level 9. HP: 44/44 MP: 11/11
  5197 | D:6      | 5197 ||| INVOKING Heroism.
  5204 | D:6      | Reached skill level 3 in Invocations
  5435 | D:6      | Reached ** piety under Okawaru
  5758 | D:6      | Noticed Dowan
  5760 | D:6      | Noticed Duvessa
  5767 | D:6      | Killed Duvessa
  5768 | D:6      | 5768 ||| INVOKING Heroism.
  5771 | D:6      | Killed Dowan
  5905 | D:7      | 5905 ||| RETREEEEATING.
  5908 | D:7      | 5908 ||| RETREEEEATING.
  5940 | D:7      | 5940 ||| RETREEEEATING.
  5946 | D:7      | 5946 ||| RETREEEEATING.
  5948 | D:7      | 5948 ||| RETREEEEATING.
  5949 | D:7      | 5949 ||| RETREEEEATING.
  5950 | D:7      | 5950 ||| RETREEEEATING.
  5954 | D:7      | 5954 ||| RETREEEEATING.
  5960 | D:7      | HP: 3/45 [ice beast (14)]
  5961 | D:7      | 5961 ||| READING 3 scrolls of teleportation.
  5962 | D:7      | 5962 ||| DRINKING 2 potions of heal wounds.
  5992 | D:7      | HP: 9/45 [something (20)]
  5993 | D:7      | 5993 ||| DRINKING potion of heal wounds.
  5994 | D:7      | Engulfed by a cloud of flame

Levels and vault maps discovered:
D:1:      dpeg_arrival_more_subterranean_lakeside_camping, layout_basic,
          nrook_loot_triangle
D:2:      layout_basic
D:3:      layout_basic, shapermc_ecumenical_altar_starsandcircs
D:4:      layout_layer_cave, chequers_temple_overflow_statue_of_worship,
          serial_shops, shop, grunt_ministairs_5, minivault_1,
          serial_bayou_pond_d
D:5:      corexii_shantytown, layout_loops_ring, trog_ov_bears_minmay,
          zin_treasury, minmay_temple_entry_statues_fountains
D:6:      minmay_chambers_of_sixes, layout_gridville, serial_bayou_pond_e,
          uniq_duvessa
D:7:      layout_basic, gammafunk_ghost_wrathful_warriors, lemuel_flamethrower_2
Temple:   bh_familiar_temple

Skill      XL: |  1  2  3  4  5  6  7  8  9 |
---------------+----------------------------+-----
Dodging        | 3 4 5 6 7 9 10 | 10.8
Ranged Weapons | 5 7 8 9 10 | 10.1
Fighting       | 2 3 4 |  4.1
Invocations    | 2 4 |  4.1
Stealth        | |  1.5

Action                     |  1- 3 |  4- 6 |  7- 9 || total
---------------------------+-------+-------+-------++-------
   Fire: Shortbow          |   109 |   104 |   379 ||   592
 Invoke: Heroism           |       |       |     2 ||     2
    Use: Scroll            |     3 |     6 |     9 ||    18
         Potion            |       |     2 |     6 ||     8
 Armour: Robe              |    10 |     2 |    41 ||    53
  Dodge: Dodged            |    32 |    35 |   152 ||   219

Table legend:
 A = Non-vault XP
 B = Vault XP
 C = Vault XP percentage of total XP
 D = Non-vault monster count
 E = Vault monster count
 F = Vault count percentage of total count
                 A         B        C        D         E       F
            +---------+---------+-------+---------+---------+-------
      Total |    3414 |    1270 |  27.1 |     131 |      38 |  22.5
            +---------+---------+-------+---------+---------+-------
        D:1 |      40 |       0 |   0.0 |      24 |       0 |   0.0
        D:2 |      57 |       0 |   0.0 |      17 |       0 |   0.0
        D:3 |     206 |       0 |   0.0 |      17 |       0 |   0.0
        D:4 |     509 |      44 |   8.0 |      22 |       2 |   8.3
        D:5 |     898 |     329 |  26.8 |      21 |      28 |  57.1
        D:6 |    1050 |     897 |  46.1 |      18 |       8 |  30.8
        D:7 |     654 |       0 |   0.0 |      12 |       0 |   0.0
            +---------+---------+-------+---------+---------+-------
